 Dungeon Crawl Stone Soup version 0.31-a0-543-geaa9c7a2c0 (webtiles) character file.

Game seed: 3188958570291546876

8507 Ethylacetat the Nimble (level 11, -7/80 HPs)
             Began as an Octopode Gladiator on Aug 15, 2023.
             Was an Initiate of Gozag.
             Mangled by a boulder beetle (18 damage)
             ... on level 11 of the Dungeon.
             The game lasted 00:28:10 (9957 turns).

Ethylacetat the Nimble (Octopode Gladiator)         Turns: 9957, Time: 00:28:10

Health: -7/80      AC:  5    Str: 19    XL:     11   Next: 31%
Magic:  0/22       EV: 23    Int: 12    God:    Gozag
Gold:   995        SH:  0    Dex: 17    Spells: 25/25 levels left

rFire   . .          .
                       - Unarmed
rCold   . . .        (no shield)
rNeg    . . .        a - +0 hat
rPois   .            r - amulet of guardian spirit
rElec   .            s - +5 ring of evasion
rCorr   .            x - +6 ring of strength
SInv    .            B - +4 ring of protection
Will    .....        (no ring)
Stlth   +++          (no ring)
HPRegen 0.33/turn    (no ring)
MPRegen 0.18/turn    (no ring)
                     (no ring)

%: guardian spirit
@: no status effects
A: almost no armour, amphibious, 8 rings, camouflage 1, gelatinous body 1,
(nimble swimmer 1), tentacles
a: Renounce Religion, Potion Petition, Call Merchant, Bribe Branch


You were on level 11 of the Dungeon.
You worshipped Gozag.
Gozag was pleased with you.
You visited 2 branches of the dungeon, and saw 12 of its levels.

You collected 1557 gold pieces.
You spent 396 gold pieces at shops.
You paid 166 gold pieces to Gozag.

Inventory:

Missiles
 b - a throwing net
 c - a javelin
Armour
 a - a +0 hat (worn)
Jewellery
 r - an amulet of guardian spirit (around mantle)
 s - a +5 ring of evasion (left tentacle)
 x - a +6 ring of strength (right tentacle)
 B - a +4 ring of protection (on tentacle)
Wands
 v - a wand of digging (2)
 w - a wand of polymorph (10)
 A - a wand of flame (3) (quivered)
Scrolls
 g - 2 scrolls of enchant armour
 i - a scroll of amnesia {unknown}
 k - 3 scrolls of blinking
 l - 5 scrolls of teleportation
 n - 3 scrolls of identify
 p - 2 scrolls of poison {unknown}
 t - 3 scrolls of immolation
 u - a scroll of silence {unknown}
 z - a scroll of acquirement {unknown}
Potions
 d - 3 potions of enlightenment
 e - 6 potions of curing
 f - 2 potions of might
 h - a potion of invisibility
 j - a potion of cancellation {unknown}
 m - 3 potions of heal wounds
 o - a potion of brilliance
 C - a potion of attraction {unknown}
Miscellaneous
 q - a condenser vane (inert)


   Skills:
 + Level 9.1 Fighting
 - Level 2.0 Throwing
 + Level 9.4 Dodging
 + Level 9.3 Unarmed Combat
 + Level 7.5 Spellcasting


You had 25 spell levels left.
You didn't know any spells.
Your spell library contained the following spells:

 Spells                   Type           Power      Damage    Failure   Level
 Apportation              Tloc           8%         N/A       16%         1
 Necrotise                Necr           16%        1d4       16%         1
 Sandblast                Erth           8%         2d5       16%         1
 Summon Small Mammal      Summ           16%        N/A       16%         1
 Blink                    Tloc           8%         N/A       24%         2
 Ensorcelled Hibernation  Hex/Ice        8%         N/A       24%         2
 Passwall                 Tmut/Erth      3%         N/A       24%         2
 Stone Arrow              Conj/Erth      8%         3d7       43%         3
 Swiftness                Air            4%         N/A       43%         3
 Manifold Assault         Tloc           4%         N/A       83%         4
 Summon Forest            Summ/Tloc      2%         N/A       99%         5
 Summon Mana Viper        Hex/Summ       4%         N/A       99%         5
 Summon Cactus Giant      Summ           2%         N/A       100%        6


Dungeon Overview and Level Annotations

Branches:
Dungeon (11/15)            Temple (1/1) D:5            Lair (0/5) D:8
    Orc (0/2) D:11

Altars:
Ashenzari
Cheibriados
Dithmenos
Elyvilon
Fedhas
Gozag
Hepliaklqana
Kikubaaqudgha
Makhleb
Nemelex Xobeh
Okawaru
Qazlal
Ru
Sif Muna
Trog
Uskayaw
Vehumet
Wu Jian
Xom
Yredelemnul
Zin
The Shining One

Shops:
D:5 =

Portals:
Trove: D:10 (give 2 scrolls of acquirement)

Annotations:
D:7 2 transporters, qipq's ghost, novice FeSh


Innate Abilities, Weirdness & Mutations

You cannot wear most types of armour.
You are amphibious.
You can wear up to eight rings at the same time.
Your skin changes colour to match your surroundings (Stealth+).
Your rubbery body absorbs attacks. (AC +1, EV +1)
((You are camouflaged when in or above water. (Stealth+)))
You have tentacles for arms and can constrict up to eight enemies at once.


Message History

Aim: a boulder beetle (heavily wounded, 100% to hit)
The puff of flame hits the boulder beetle but does no damage.
The boulder beetle is heavily wounded.
The boulder beetle bites you.
Aiming: Throw Flame
Press: ? - help, Shift-Dir - straight line, f/p - boulder beetle
Aim: a boulder beetle (heavily wounded, 100% to hit)
The puff of flame hits the boulder beetle but does no damage.
The boulder beetle is heavily wounded.
The boulder beetle leaps!
Aiming: Throw Flame
Press: ? - help, Shift-Dir - straight line, f/p - boulder beetle
Aim: a boulder beetle (heavily wounded, 100% to hit)
The puff of flame hits the boulder beetle but does no damage.
The boulder beetle is heavily wounded.
The boulder beetle curls into a ball and begins rolling!
The boulder beetle hits you!
* * * LOW HITPOINT WARNING * * *
The boulder beetle stops rolling and uncurls.
There is a stone staircase leading up here.
You tentacle-slap the boulder beetle but do no damage.
You squeeze the boulder beetle, but do no damage.
The boulder beetle is heavily wounded.
The boulder beetle bites you but does no damage.
You tentacle-slap the boulder beetle but do no damage.
You squeeze the boulder beetle, but do no damage.
The boulder beetle is heavily wounded.
You tentacle-slap the boulder beetle.
You squeeze the boulder beetle, but do no damage.
The boulder beetle is heavily wounded.
The boulder beetle bites you!!
* * * LOW HITPOINT WARNING * * *
Okay, then.
Okay, then.
You tentacle-slap the boulder beetle but do no damage.
You squeeze the boulder beetle.
The boulder beetle is heavily wounded.
The boulder beetle bites you!!
You die...
Your body crumbles into a pile of gold.

... #.... .... ..##....
..... ....... #####......
#+# #....######..........
#..###....................
#...##................#...
#.#.##.............#### .
#.....#............##
######....[....@B.......+
#........#...##'....##.##
#.##.....###.##'.......#
#.##.....###)###.....#..
#.##..........##.....# ##
##..#.......#..##.....#
............##.##.....#
......###...##..###+#...
......###...##..###.+...


You could see a boulder beetle.

Vanquished Creatures
  A two-headed ogre (D:11)
  The ghost of Kiciri the Martial Artist, a novice GnSh of Sif Muna (D:7)
  A kobold demonologist (D:10)
  A komodo dragon (D:8)
  2 hornets
  2 trolls
  2 shadows
  Sigmund (D:5)
  A wyvern (D:9)
  3 yaks (D:11)
  A steam dragon (D:9)
  A basilisk (D:11)
  2 acid dragons
  Duvessa (D:5)
  An ice beast (D:6)
  A sky beast (D:6)
  A black bear (D:6)
  2 centaurs (D:9)
  3 ogres
  2 phantoms
  A gnoll sergeant (D:10)
  Blork the orc (D:5)
  4 bullfrogs
  5 kobold brigands
  2 scorpions (D:5)
  Dowan (D:4)
  14 wights
  22 killer bees
  3 howler monkeys
  2 bullfrog zombies (D:7)
  4 orc priests
  5 hounds
  A jelly (D:5)
  A sleepcap (D:6)
  3 iguanas
  5 orc wizards
  4 gnolls (D:10)
  9 adders
  A shadow imp (D:6)
  2 white imps (D:6)
  A worm (D:2)
  5 dart slugs
  27 orcs
  4 bats
  7 endoplasms
  5 giant cockroaches
  6 goblins
  6 hobgoblins
  7 jackals
  36 kobolds
  5 quokkas
  5 ball pythons
  2 frilled lizards (D:2)
  4 rats
240 creatures vanquished.

Notes
Turn   | Place    | Note
-------+----------+-------------------------------------------
     0 | D:1      | Ethylacetat the Octopode Gladiator began the quest for the
                  | Orb.
     0 | D:1      | Reached XP level 1. HP: 14/14 MP: 1/1
    69 | D:1      | Reached XP level 2. HP: 19/19 MP: 2/2
   853 | D:2      | Reached XP level 3. HP: 13/25 MP: 3/3
  1176 | D:2      | Reached XP level 4. HP: 30/30 MP: 4/4
  2219 | D:3      | Reached XP level 5. HP: 14/36 MP: 5/5
  2488 | D:3      | Found a faded altar of an unknown god.
  2626 | D:4      | Identified the +1 cloak "Tuemezim" {rPois Str+3}
  2654 | D:4      | Noticed a phantom
  2670 | D:4      | Killed a phantom
  2671 | D:4      | Reached XP level 6. HP: 36/43 MP: 4/7
  2754 | D:4      | Reached skill level 1 in Spellcasting
  3147 | D:4      | Reached XP level 7. HP: 49/49 MP: 8/10
  3274 | D:5      | Entered Level 5 of the Dungeon
  3274 | D:5      | Noticed Blork the orc
  3279 | D:5      | Noticed Sigmund
  3404 | D:5      | Noticed Dowan
  3408 | D:5      | Noticed Duvessa
  3429 | D:5      | Killed Sigmund
  3430 | D:5      | Reached skill level 5 in Dodging
  3430 | D:5      | Reached skill level 5 in Unarmed Combat
  3436 | D:5      | Killed Duvessa
  3494 | D:4      | Killed Dowan
  3495 | D:4      | Reached skill level 5 in Fighting
  3495 | D:4      | Reached XP level 8. HP: 24/55 MP: 6/12
  3609 | D:5      | Killed Blork the orc
  3615 | D:5      | You fall into a shaft and drop 2 floors!
  3701 | D:7      | Noticed a hornet
  3704 | D:7      | Paralysed by a hornet for 1 turns
  3716 | D:7      | Killed a hornet
  4300 | D:6      | Reached XP level 9. HP: 31/62 MP: 6/15
  4600 | D:5      | Found Opne's Jewellery Emporium.
  4781 | D:5      | Found a staircase to the Ecumenical Temple.
  4787 | Temple   | Entered the Ecumenical Temple
  4799 | Temple   | Became a worshipper of Gozag Ym Sagoz the Greedy
  4831 | D:6      | Found a hazy altar of Hepliaklqana.
  5074 | D:6      | Found a shadowy altar of Dithmenos.
  5508 | D:7      | Reached skill level 5 in Spellcasting
  5521 | D:7      | HP: 3/63 [killer bee (4)]
  5956 | D:7      | Noticed qipq's ghost (novice FeSh)
  5956 | D:7      | Identified the +3 dire flail of Defiance {spect, Dex+5}
  5958 | D:7      | Found a transporter.
  5971 | D:7      | HP: 2/64 [poisoned by a killer bee]
  6201 | D:7      | Found an iron altar of Okawaru.
  6389 | D:7      | Found a runed translucent gate.
  6389 | D:7      | Found a runed translucent gate.
  6389 | D:7      | Found a runed translucent gate.
  6389 | D:7      | Noticed Kiciri's ghost (novice GnSh)
  6391 | D:7      | Found a basalt altar of Yredelemnul.
  6413 | D:7      | Killed Kiciri's ghost
  6414 | D:7      | Reached XP level 10. HP: 49/71 MP: 13/18
  6569 | D:7      | Found a transporter.
  7143 | D:8      | Found a staircase to the Lair.
  7240 | D:8      | Found a glowing golden altar of the Shining One.
  7488 | D:9      | Found a snail-covered altar of Cheibriados.
  8038 | D:9      | Found a burning altar of Makhleb.
  8038 | D:9      | Found a shimmering altar of Xom.
  8039 | D:9      | Found a glowing silver altar of Zin.
  8151 | D:5      | Bought a +4 ring of protection for 396 gold pieces
  8885 | D:10     | Entered Level 10 of the Dungeon
  8886 | D:10     | Found a portal to a secret trove of treasure.
  9025 | D:10     | Reached XP level 11. HP: 75/77 MP: 21/21
  9407 | D:10     | Found a hide-covered altar of Uskayaw.
  9590 | D:10     | Found a blossoming altar of Fedhas.
  9756 | D:11     | Noticed a two-headed ogre
  9779 | D:11     | Killed a two-headed ogre
  9827 | D:11     | Found a staircase to the Orcish Mines.
  9927 | D:11     | Noticed a boulder beetle
  9957 | D:11     | Mangled by a boulder beetle

Illustrated notes

Levels and vault maps discovered:
D:1:      dpeg_arrival_tiny_f, layout_basic, minmay_pentomino_s4
D:2:      layout_basic
D:3:      layout_basic, basic_ecumenical_altar
D:4:      layout_basic
D:5:      layout_rooms, minmay_temple_entry_enclosed_plants,
          minmay_shop_enchanted_jewellery, uniq_sigmund, uniq_duvessa,
          uniq_blork_the_orc
D:6:      layout_cave_pools, grunt_dithmenos_shadows, lemuel_crystal_altar
D:7:      layout_basic, nicolae_yredelemnul_ghost_church,
          lemuel_coloured_pillars_altar, gammafunk_ghost_smash
D:8:      layout_cave_pools, nicolae_tso_swordbearing_angel,
          david_lair_shrubbed, nrook_campfire
D:9:      layout_roguey, kennysheep_slug_shrine, gammafunk_temple_overflow_claw
D:10:     layout_irregular_city, fedhas_bush_and_centaur_altar,
          mainiacjoe_overflow_cross_hatched, nicolae_trove_entry_free_sample,
          serial_column_ruins, column_ruins_pillar_1, column_ruins_pillar_4,
          column_ruins_pillar_7, column_ruins_pillar_4, column_ruins_pillar_7,
          column_ruins_pillar_12, column_ruins_pillar_3, column_ruins_pillar_1,
          column_ruins_pillar_4, column_ruins_pillar_3, column_ruins_pillar_12,
          column_ruins_pillar_3, column_ruins_pillar_2, column_ruins_pillar_1,
          column_ruins_pillar_1, column_ruins_pillar_2, column_ruins_pillar_1
D:11:     layout_basic, david_orc_2, serial_shops,
          nicolae_shop_advertising_works [nicolae_subvault_shop_adworks]
Temple:   hellmonk_temple_of_storms

Skill      XL: |  1  2  3  4  5  6  7  8  9 10 11 |
---------------+----------------------------------+-----
Fighting       | 3 4 5 6 7 8 9 |  9.1
Dodging        | 4 5 6 7 8 9 |  9.4
Unarmed Combat | 4 5 6 7 8 9 |  9.3
Spellcasting   | 2 3 4 5 7 |  7.5
Throwing       | |  2.0

Action                     |  1- 3 |  4- 6 |  7- 9 | 10-12 || total
---------------------------+-------+-------+-------+-------++-------
  Melee: Unarmed           |    62 |   118 |   287 |   269 ||   736
         Constrict         |    14 |    25 |    42 |    48 ||   129
         Punch             |     2 |     5 |    10 |    14 ||    31
         Tentacles         |     6 |    22 |    65 |    82 ||   175
  Throw: Throwing net      |       |     1 |     4 |     1 ||     6
         Javelin           |       |       |     1 |       ||     1
  Evoke: Wand              |       |       |     1 |    21 ||    22
         Condenser vane    |       |       |       |     1 ||     1
    Use: Potion            |       |       |    11 |       ||    11
         Scroll            |       |       |     3 |     4 ||     7
   Stab: Sleeping          |     8 |     7 |     2 |     2 ||    19
         Distracted        |     1 |       |     2 |     2 ||     5
         Held in net/web   |       |       |       |     1 ||     1
 Armour: Skin              |     5 |     5 |    67 |    12 ||    89
  Dodge: Dodged            |    29 |    64 |   256 |   268 ||   617

Table legend: (Time is in decaauts)
 A = Elapsed time spent in this place.
 B = Non-inter-level travel time spent in this place.
 C = Inter-level travel time spent in this place.
 D = Time resting spent in this place.
 E = Time spent auto-exploring this place.
 F = Levels seen in this place.
 G = Mean time per level.
                   A        B        C        D        E       F      G
               +--------+--------+--------+--------+--------+-----+--------+
         Total |   9874 |   9504 |    370 |    857 |   6969 |  12 |  822.8 |
       Dungeon |   9852 |   9482 |    370 |    857 |   6969 |  11 |  895.6 |
        Temple |     21 |     21 |      0 |      0 |      0 |   1 |   21.0 |
               +--------+--------+--------+--------+--------+-----+--------+

Top non-repeatable levels by time:
     D:7: 1488 daAuts
     D:9: 1349 daAuts
     D:6: 1018 daAuts
     D:4: 932 daAuts
     D:1: 844 daAuts
     D:3: 842 daAuts
     D:2: 841 daAuts
     D:8: 824 daAuts
    D:10: 805 daAuts
     D:5: 659 daAuts
    D:11: 245 daAuts
  Temple: 21 daAuts
